 Dungeon Sprint DCSS version 0.26-a0-597-gb535b0901c (webtiles) character file.

Game seed: 5806503216511927554

20394345 HoaS the Middleweight Champion (level 21, 224/224 HPs)
             Began as a Ghoul Gladiator on Aug 31, 2020.
             Was the Champion of Makhleb.
             Escaped with the Orb
             ... and 5 runes!
             The game lasted 00:32:46 (7916 turns).

HoaS the Middleweight Champion (Ghoul Gladiator)    Turns: 7916, Time: 00:32:46

Health: 224/224    AC: 45    Str: 25    XL:     21   Next: 91%
Magic:  39/39      EV: 30    Int:  3    God:    Makhleb [******]
Gold:   1515       SH:  0    Dex: 18    Spells: 51/51 levels left

rFire    + . .     SeeInvis .     - Unarmed
rCold    + . .     Faith    .   (no shield)
rNeg     + + +     Spirit   .   a - +10 plate armour
rPois    ∞         Reflect  .   m - +0 helmet
rElec    .         Harm     .   b - +2 cloak
rCorr    .         NoTele   +   K - +0 pair of gloves of the Fife {Dex+5}
MR       ++++.                  x - +2 pair of boots of Infinity {rPois MR++ Stlth-}
Stlth    ++........             A - amulet of Balance {RegenMP rF+ MR+ Slay+3}
HPRegen  0.47/turn              t - +4 ring of evasion
MPRegen  0.51/turn              g - +2 ring of slaying

@: no status effects
A: rotting body, claws 1, cold resistance 1, negative energy resistance 3,
inhibited regeneration, torment resistance, unbreathing
0: Orb of Zot
}: 5/17 runes: decaying, serpentine, barnacled, silver, gossamer
a: Minor Destruction, Lesser Servant of Makhleb, Major Destruction, Greater
Servant of Makhleb, Renounce Religion


You escaped.
You worshipped Makhleb.
Makhleb was exalted by your worship.
You visited 1 branch You collected 1932 gold pieces.
You spent 417 gold pieces at shops.

Inventory:

Missiles
 c - 4 throwing nets (quivered)
Armour
 a - a +10 plate armour (worn)
 b - a +2 cloak (worn)
 m - a +0 helmet (worn)
 x - the +2 pair of boots of Infinity (worn) {rPois MR++ Stlth-}
   (You found it in the Dungeon)

   It protects you from poison.
   It affects your resistance to hostile enchantments.
   It makes you less stealthy.
 K - the +0 pair of gloves of the Fife (worn) {Dex+5}
   (You found it in the Dungeon)

   It affects your dexterity (+5).
Jewellery
 g - a +2 ring of slaying (right hand)
 t - a +4 ring of evasion (left hand)
 u - an uncursed ring of ice
 v - an uncursed ring of protection from fire
 w - an uncursed ring of fire
 z - the ring of Freedom {rN+ MR+}
   (You found it in the Dungeon)

   [ring of protection from magic]

   It protects you from negative energy.
   It affects your resistance to hostile enchantments.
 A - the amulet of Balance (around neck) {RegenMP rF+ MR+ Slay+3}
   (You found it in the Dungeon)

   [amulet of magic regeneration]

   It increases your magic regeneration.
   It affects your accuracy and damage with ranged weapons and melee attacks
   (+3).
   It protects you from fire.
   It affects your resistance to hostile enchantments.
Wands
 k - a wand of acid (7)
Scrolls
 h - 5 scrolls of blinking
 i - 6 scrolls of remove curse
 j - 3 scrolls of magic mapping {unknown}
 q - 3 scrolls of fear
 C - 2 scrolls of fog
 I - a scroll of identify
Potions
 d - 12 potions of curing
 e - 4 potions of heal wounds
 f - a potion of flight {unknown}
 n - 5 potions of stabbing
 s - 2 potions of cancellation
 B - 2 potions of resistance
 F - 6 potions of haste
 G - a potion of brilliance


   Skills:
 O Level 27 Fighting
 + Level 17.2 Throwing
 O Level 27 Armour
 O Level 27 Dodging
 O Level 27 Stealth
 O Level 27 Unarmed Combat
 + Level 15.9 Spellcasting
 O Level 27 Invocations
 O Level 27 Evocations


You had 51 spell levels left.
You didn't know any spells.
Your spell library contained the following spells:

 Spells                   Type           Power        Failure   Level
 Corpse Rot               Necr/Air       N/A          52%         2
 Cause Fear               Hex            #.........   99%         4
 Dispel Undead            Necr           #.......     99%         4
 Agony                    Necr           #.......     100%        5
 Excruciating Wounds      Necr           #.........   100%        5
 Silence                  Hex/Air        #.........   100%        5
 Yara's Violent Unravell  Hex/Tmut       #.........   100%        5
 Discord                  Hex            #.........   100%        8
 Sublimation of Blood     Necr           Unusable     N/A         2

Dungeon Overview and Level Annotations

Branches:
Dungeon (1/1)

Altars:
Cheibriados
Dithmenos
Elyvilon
Fedhas
Gozag
Hepliaklqana
Kikubaaqudgha
Makhleb
Nemelex Xobeh
Okawaru
Qazlal
Ru
Sif Muna
Trog
Uskayaw
Vehumet
Wu Jian
Xom
Yredelemnul
Zin
The Shining One
Beogh
Jiyva
Lugonu

Shops:
D =![(


Innate Abilities, Weirdness & Mutations

Your body is rotting away.
You thrive by killing the living.
You are immune to poison.
You have sharp fingernails.
Your flesh is cold resistant. (rC+)
You are immune to negative energy. (rN+++)
You do not regenerate when monsters are visible.
You are immune to unholy pain and torment.
You can survive without breathing.


Message History

There is a burning altar of Makhleb here.
There is a corrupted altar of Lugonu here.
There is an ancient bone altar of Kikubaaqudgha here.
There is a viscous altar of Jiyva here.
There is a hazy altar of Hepliaklqana here.
There is an opulent altar of Gozag here.
There is a blossoming altar of Fedhas here.
There is a white marble altar of Elyvilon here.
There is a shadowy altar of Dithmenos here.
There is a snail-covered altar of Cheibriados here.
There is a roughly hewn altar of Beogh here.
There is an open door to the Temple here.
Things that are here:
a +0 dagger; a +0 robe
There is an open door here.
You see here 4 stones.
There is an open door to the Dungeon here.
You see here a stone.
There is a staircase leading out of the dungeon here.
You have escaped!

▓.....)))...).))..
▓.▓▓▓▓▓▓▓▓▓▓▓▓▓▓▓▓
▓.................
▓▓▓▓▓▓▓▓▓▓▓▓▓▓▓▓▓▓
▓.......'....![...
▓.▓▓▓▓▓▓▓▓▓▓▓▓▓▓▓▓
▓.................
▓▓▓▓▓▓▓▓▓▓▓▓▓▓▓▓▓▓
▓@..('(....'...).'
▓▓▓▓▓▓▓▓▓▓▓▓▓▓▓▓▓▓


There were no monsters in sight!

Vanquished Creatures
  2 ancient liches (D)
  3 orbs of fire (D)
  Mara (D)
  Mennas (D)
  Sojobo (D)
  A pandemonium lord (D)
  Boris (D)
  Margery (D)
  Frederick (D)
  Xtahua (D)
  6 golden dragons (D)
  Nikola (D)
  Jory (D)
  3 bone dragons (D)
  A Brimstone Fiend (D)
  2 electric golems (D)
  5 tentacled monstrosities (D)
  A Tzitzimitl (D)
  2 Hell Sentinels (D)
  36 Orb Guardians (D)
  A lich (D)
  2 quicksilver dragons (D)
  2 Executioners (D)
  2 death cobs (D)
  2 tengu reavers (D)
  A thorn hunter (D)
  Kirke (D)
  3 storm dragons (D)
  4 draconian monks (D)
  8 shadow dragons (D)
  Agnes (D)
  Ilsuiw (D)
  A fire giant (D)
  7 nagarajas (D)
  A draconian knight (D)
  A ghost moth (D)
  6 emperor scorpions (D)
  Aizul (D)
  5 vault wardens (D)
  2 frost giants (D)
  Louise (D)
  2 draconian annihilators (D)
  A cacodemon (D)
  3 balrugs (D)
  2 draconian scorchers (D)
  3 very ugly things (D)
  A draconian stormcaller (D)
  2 draconian shifters (D)
  4 ironheart preservers (D)
  5 stone giants (D)
  3 green draconians (D)
  A vampire knight (D)
  Azrael (D)
  2 black draconians (D)
  A lorocyproca (D)
  2 white draconians (D)
  A spark wasp (D)
  2 yellow draconians (D)
  2 purple draconians (D)
  5 merfolk javelineers (D)
  Snorg (D)
  An ettin (D)
  A green death (D)
  5 fire dragons (D)
  4 merfolk impalers (D)
  6 yaktaur captains (D)
  A rakshasa (D)
  2 naga warriors (D)
  Harold (D)
  25 vault guards (D)
  A hell beast (D)
  5 merfolk aquamancers (D)
  5 ice dragons (D)
  Erica (D)
  Erolcha (D)
  2 ghost crabs (D)
  An anaconda (D)
  7 hydras (D)
  A centaur warrior (D)
  6 two-headed ogres (D)
  4 deep troll shamans (D)
  5 ogre magi (D)
  A vampire mage (D)
  4 deep troll earth magi (D)
  A spriggan berserker (D)
  A naga sharpshooter (D)
  4 hell knights (D)
  A soul eater (D)
  3 sun demons (D)
  3 sixfirhies (D)
  A flayed ghost (D)
  5 swamp dragons (D)
  An unseen horror (D)
  A torturous demonspawn (D)
  A cherub (D)
  An unseen horror (shapeshifter) (D)
  A glowing orange brain (D)
  A shadow demon (D)
  A swamp dragon (shapeshifter) (D)
  A harpy (D)
  5 orc knights (D)
  3 ironbrand convokers (D)
  A phantasmal warrior (D)
  An orb spider (D)
  2 wolf spiders (D)
  A deep elf mage (D)
  2 necromancers (D)
  3 manticores (D)
  A shining eye (shapeshifter) (D)
  10 moths of wrath (D)
  2 vault sentinels (D)
  3 black mambas (D)
  A salamander (D)
  2 water nymphs (D)
  3 naga magi (D)
  A rust devil (D)
  2 guardian serpents (D)
  A cane toad (D)
  An orange demon (D)
  2 kobold demonologists (D)
  3 hellions (D)
  2 efreet (D)
  5 yaktaurs (D)
  2 hellwings (D)
  2 merfolk (D)
  A troll (shapeshifter) (D)
  A jumping spider (shapeshifter) (D)
  5 red devils (D)
  6 jumping spiders (D)
  A troll (D)
  2 polar bears (D)
  A bog body (D)
  A meliai (shapeshifter) (D)
  A snapping turtle (D)
  2 blink frogs (D)
  5 hippogriffs (D)
  2 slime creatures (D)
  4 redbacks (D)
  2 fire elementals (D)
  3 large abominations (D)
  A wraith (D)
  A wyvern (D)
  3 hogs (D)
  A chaos spawn (D)
  A neqoxec (D)
  A vampire mosquito (D)
  An insubstantial wisp (D)
  2 nagas (D)
  6 water moccasins (D)
  An acid dragon (D)
  7 hell hounds (D)
  A porcupine (D)
  11 orc warriors (D)
  A swamp drake (D)
  6 black bears (D)
  3 ogres (D)
  A boggart (D)
  4 bullfrogs (D)
  A jelly (D)
  3 orc priests (D)
  8 orc wizards (D)
  2 worker ants (D)
  A white imp (D)
  An adder skeleton (D)
  An adder simulacrum (D)
  A leopard gecko (D)
  5 orcs (D)
  A ball python (D)
  A bat zombie (D)
  A hobgoblin (D)
  A bat (D)
  A kobold (D)
  A quokka zombie (D)
  A rat (D)
  A briar patch (D)
466 creatures vanquished.

Vanquished Creatures (others)
  2 alligators (D)
  An unseen horror (D)
  A spriggan druid (D)
  A cane toad (D)
  A human (D)
  A briar patch (D)
7 creatures vanquished.

Grand Total: 473 creatures vanquished

Notes
Turn   | Place    | Note
-------+----------+-------------------------------------------
     0 | D        | HoaS the Ghoul Gladiator began the quest for the Orb.
     0 | D        | Reached XP level 1. HP: 17/17 MP: 0/0
    16 | D        | Reached skill level 5 in Unarmed Combat
    22 | D        | Noticed a worker ant
    22 | D        | Noticed a worker ant
    22 | D        | Noticed an orc wizard
    25 | D        | Reached XP level 2. HP: 14/24 MP: 1/1
    31 | D        | Reached XP level 3. HP: 16/29 MP: 2/2
    38 | D        | Reached XP level 4. HP: 19/36 MP: 3/3
    45 | D        | Found a roughly hewn altar of Beogh.
    45 | D        | Found a snail-covered altar of Cheibriados.
    45 | D        | Found a shadowy altar of Dithmenos.
    45 | D        | Found a white marble altar of Elyvilon.
    45 | D        | Found a blossoming altar of Fedhas.
    45 | D        | Found an opulent altar of Gozag.
    46 | D        | Found a hazy altar of Hepliaklqana.
    47 | D        | Found a viscous altar of Jiyva.
    48 | D        | Found an ancient bone altar of Kikubaaqudgha.
    49 | D        | Found a corrupted altar of Lugonu.
    50 | D        | Found a burning altar of Makhleb.
    51 | D        | Found a sparkling altar of Nemelex Xobeh.
    52 | D        | Found an iron altar of Okawaru.
    53 | D        | Found a stormy altar of Qazlal.
    54 | D        | Found a sacrificial altar of Ru.
    55 | D        | Found a shimmering blue altar of Sif Muna.
    56 | D        | Found a bloodstained altar of Trog.
    57 | D        | Found a hide-covered altar of Uskayaw.
    58 | D        | Became a worshipper of Makhleb the Destroyer
   176 | D        | Found a radiant altar of Vehumet.
   177 | D        | Found an ornate altar of the Wu Jian Council.
   178 | D        | Found a shimmering altar of Xom.
   179 | D        | Found a basalt altar of Yredelemnul.
   180 | D        | Found a glowing silver altar of Zin.
   181 | D        | Found a glowing golden altar of the Shining One.
   237 | D        | Noticed a bullfrog
   237 | D        | Noticed a hippogriff
   237 | D        | Noticed a wyvern
   237 | D        | Noticed an orc warrior
   242 | D        | Killed a bullfrog
   242 | D        | Reached XP level 5. HP: 38/41 MP: 4/4
   247 | D        | Killed a hippogriff
   247 | D        | Reached XP level 6. HP: 46/53 MP: 5/5
   250 | D        | Killed a wyvern
   250 | D        | Reached * piety under Makhleb
   250 | D        | Reached skill level 5 in Fighting
   250 | D        | Reached XP level 7. HP: 51/61 MP: 6/6
   258 | D        | Reached skill level 5 in Dodging
   261 | D        | Reached ** piety under Makhleb
   286 | D        | Noticed a kobold demonologist
   286 | D        | Noticed a centaur warrior
   286 | D        | Noticed a kobold demonologist
   286 | D        | Noticed a manticore
   292 | D        | Killed a kobold demonologist
   292 | D        | Reached skill level 5 in Armour
   297 | D        | Killed a centaur warrior
   297 | D        | Reached skill level 15 in Unarmed Combat
   297 | D        | Reached XP level 8. HP: 68/74 MP: 7/7
   298 | D        | Noticed an ice devil
   314 | D        | Noticed a sun demon
   319 | D        | Killed a kobold demonologist
   319 | D        | Reached *** piety under Makhleb
   319 | D        | Reached XP level 9. HP: 25/82 MP: 8/8
   326 | D        | Killed a manticore
   633 | D        | Noticed a cane toad
   656 | D        | Reached **** piety under Makhleb
   674 | D        | Killed a cane toad
   678 | D        | Reached ***** piety under Makhleb
   692 | D        | Reached skill level 10 in Fighting
   694 | D        | Reached XP level 10. HP: 93/93 MP: 9/9
   710 | D        | Noticed a six-headed hydra
   728 | D        | Killed a six-headed hydra
   760 | D        | Reached ****** piety under Makhleb
   774 | D        | Reached skill level 10 in Dodging
   826 | D        | Noticed Harold
   864 | D        | Killed Harold
   864 | D        | Reached XP level 11. HP: 101/104 MP: 10/10
   927 | D        | Noticed Erolcha
   937 | D        | Killed Erolcha
   937 | D        | Reached skill level 10 in Armour
  1178 | D        | Noticed an orc knight
  1191 | D        | Noticed an orc knight
  1209 | D        | Killed an orc knight
  1218 | D        | Killed an orc knight
  1261 | D        | Found Vaijecu's Jewellery Emporium.
  1261 | D        | Noticed a two-headed ogre
  1261 | D        | Noticed a two-headed ogre
  1261 | D        | Noticed an ogre mage
  1261 | D        | Noticed a two-headed ogre
  1261 | D        | Noticed a two-headed ogre
  1263 | D        | Noticed an ogre mage
  1265 | D        | Killed a two-headed ogre
  1269 | D        | Killed a two-headed ogre
  1272 | D        | Killed an ogre mage
  1272 | D        | Noticed a two-headed ogre
  1274 | D        | Noticed an ogre mage
  1277 | D        | Killed a two-headed ogre
  1282 | D        | Killed a two-headed ogre
  1283 | D        | Found Yskeicw's Distillery.
  1288 | D        | Killed an ogre mage
  1288 | D        | Reached XP level 12. HP: 115/115 MP: 11/11
  1295 | D        | Killed a two-headed ogre
  1303 | D        | Killed an ogre mage
  1306 | D        | Found Oddunej's Armour Emporium.
  1310 | D        | Found Cununah's Antique Weapon Shoppe.
  1313 | D        | Noticed an ogre mage
  1313 | D        | Noticed a two-headed ogre
  1320 | D        | Killed an ogre mage
  1325 | D        | Killed a two-headed ogre
  1353 | D        | Bought an uncursed amulet of reflection for 300 gold pieces
  1355 | D        | Bought a potion of curing for 39 gold pieces
  1355 | D        | Bought a potion of curing for 39 gold pieces
  1355 | D        | Bought a potion of curing for 39 gold pieces
  1457 | D        | Noticed Erica
  1471 | D        | Killed Erica
  1527 | D        | Got the +2 pair of boots of Infinity {rPois MR++ Stlth-}
  1618 | D        | Noticed a brown very ugly thing
  1622 | D        | Noticed an ice dragon
  1623 | D        | Noticed an ettin
  1626 | D        | Noticed a deep troll shaman
  1629 | D        | Killed a brown very ugly thing
  1635 | D        | Noticed a stone giant
  1641 | D        | Noticed a vampire mage
  1644 | D        | Killed an ice dragon
  1650 | D        | Killed an ettin
  1654 | D        | Killed a deep troll shaman
  1654 | D        | Reached skill level 15 in Fighting
  1664 | D        | Killed a stone giant
  1667 | D        | Killed a vampire mage
  1667 | D        | Reached XP level 13. HP: 127/127 MP: 12/12
  1689 | D        | Noticed Aizul
  1708 | D        | Killed Aizul
  1766 | D        | Noticed Agnes
  1780 | D        | Killed Agnes
  1827 | D        | Noticed a thorn hunter
  1850 | D        | Killed a thorn hunter
  1971 | D        | Noticed a merfolk impaler
  1974 | D        | Noticed a merfolk javelineer
  2015 | D        | Killed a merfolk impaler
  2055 | D        | Killed a merfolk javelineer
  2105 | D        | Noticed a spark wasp
  2115 | D        | Killed a spark wasp
  2176 | D        | Reached XP level 14. HP: 140/140 MP: 13/13
  2291 | D        | Noticed Snorg
  2301 | D        | Killed Snorg
  2301 | D        | Reached skill level 15 in Dodging
  2331 | D        | Noticed a red very ugly thing
  2331 | D        | Noticed a frost giant
  2358 | D        | Killed a red very ugly thing
  2379 | D        | Noticed a brown very ugly thing
  2382 | D        | Reached skill level 15 in Armour
  2387 | D        | Killed a frost giant
  2395 | D        | Killed a brown very ugly thing
  2826 | D        | Noticed a fire giant
  2839 | D        | Killed a fire giant
  2885 | D        | Noticed a vault warden
  2909 | D        | Killed a vault warden
  2921 | D        | Noticed a stone giant
  2926 | D        | Noticed a vault warden
  2948 | D        | Noticed an ironheart preserver
  2959 | D        | Killed a stone giant
  2964 | D        | Killed a vault warden
  2970 | D        | Killed an ironheart preserver
  2974 | D        | Reached XP level 15. HP: 152/152 MP: 14/14
  3257 | D        | Noticed Nikola
  3257 | D        | Noticed Jory
  3258 | D        | Noticed Boris
  3274 | D        | Killed Jory
  3274 | D        | Reached skill level 27 in Unarmed Combat
  3287 | D        | Killed Nikola
  3302 | D        | Killed Boris
  3346 | D        | Noticed a tengu reaver
  3349 | D        | Noticed Sojobo
  3352 | D        | Noticed a tengu reaver
  3356 | D        | Killed a tengu reaver
  3368 | D        | Killed Sojobo
  3377 | D        | Killed a tengu reaver
  3545 | D        | Got a decaying rune of Zot
  3553 | D        | Noticed Ilsuiw
  3574 | D        | Reached XP level 16. HP: 171/171 MP: 15/15
  3605 | D        | Killed Ilsuiw
  3659 | D        | Got a barnacled rune of Zot
  3749 | D        | Got a gossamer rune of Zot
  3780 | D        | Noticed a nagaraja
  3780 | D        | Noticed a nagaraja
  3780 | D        | Noticed a nagaraja
  3780 | D        | Noticed a nagaraja
  3813 | D        | Killed a nagaraja
  3821 | D        | Killed a nagaraja
  3825 | D        | Killed a nagaraja
  3830 | D        | Killed a nagaraja
  3853 | D        | Noticed a nagaraja
  3854 | D        | Noticed a nagaraja
  3863 | D        | Killed a nagaraja
  3866 | D        | Killed a nagaraja
  3869 | D        | Noticed a nagaraja
  3878 | D        | Killed a nagaraja
  3887 | D        | Got a serpentine rune of Zot
  3932 | D        | Noticed Frederick
  3965 | D        | Killed Frederick
  4013 | D        | Noticed Kirke
  4014 | D        | Noticed Margery
  4023 | D        | Killed Kirke
  4031 | D        | Killed Margery
  4035 | D        | Reached skill level 27 in Fighting
  4084 | D        | Reached XP level 17. HP: 191/191 MP: 16/16
  4347 | D        | Noticed a tentacled monstrosity
  4347 | D        | Noticed a lich
  4357 | D        | Noticed a Hell Sentinel
  4357 | D        | Killed a tentacled monstrosity
  4378 | D        | Killed a lich
  4401 | D        | Reached XP level 18. HP: 200/200 MP: 17/17
  4405 | D        | Got a warped ivory amulet
  4407 | D        | Got a silver rune of Zot
  4411 | D        | Identified the amulet of Cuusaz {Regen+ Int+4} (You found
                  | it in the Dungeon)
  4417 | D        | Noticed Mennas
  4430 | D        | Killed Mennas
  4467 | D        | Noticed Louise
  4479 | D        | Killed Louise
  4523 | D        | Got the ring "Cyugeb" {+Fly AC+3 Int+4}
  4525 | D        | Got the ring of Ciheakha {Str+4 SInv}
  4527 | D        | Got the ring of Freedom {rN+ MR+}
  4529 | D        | Found the +8 glaive of the Guard {elec, +Rage AC+5 SInv}
  4529 | D        | Got the amulet of Balance {RegenMP rF+ MR+ Slay+3}
  4531 | D        | Got the amulet "Fikax" {Faith Int+2}
  4627 | D        | Got the +0 pair of gloves of the Fife {Dex+5}
  4735 | D        | Noticed Mara
  4748 | D        | Killed Mara
  4768 | D        | Noticed Xtahua
  4770 | D        | Noticed Azrael
  4776 | D        | Killed Xtahua
  4793 | D        | Killed Azrael
  4868 | D        | Noticed a bone dragon
  4868 | D        | Noticed a golden dragon
  4875 | D        | Reached skill level 27 in Armour
  4875 | D        | Reached skill level 27 in Dodging
  4879 | D        | Noticed a golden dragon
  4881 | D        | Reached skill level 1 in Evocations
  4894 | D        | Killed a bone dragon
  4894 | D        | Reached skill level 5 in Stealth
  4898 | D        | Reached skill level 5 in Invocations
  4900 | D        | Noticed a bone dragon
  4903 | D        | Killed a golden dragon
  4903 | D        | Reached skill level 5 in Evocations
  4904 | D        | Noticed a bone dragon
  4908 | D        | Killed a golden dragon
  4923 | D        | Killed a bone dragon
  4923 | D        | Reached skill level 10 in Stealth
  4935 | D        | Killed a bone dragon
  4935 | D        | Reached skill level 10 in Invocations
  4955 | D        | Noticed a quicksilver dragon
  4975 | D        | Killed a quicksilver dragon
  4975 | D        | Reached skill level 10 in Evocations
  5014 | D        | Reached XP level 19. HP: 207/207 MP: 27/27
  5033 | D        | Reached skill level 15 in Stealth
  5040 | D        | Noticed a tentacled monstrosity
  5040 | D        | Noticed a tentacled monstrosity
  5047 | D        | Killed a tentacled monstrosity
  5049 | D        | Noticed a tentacled monstrosity
  5051 | D        | Killed a tentacled monstrosity
  5053 | D        | Reached skill level 15 in Invocations
  5066 | D        | Killed a tentacled monstrosity
  5140 | D        | Reached skill level 15 in Evocations
  5346 | D        | Noticed a tentacled monstrosity
  5346 | D        | Noticed a golden dragon
  5351 | D        | Killed a tentacled monstrosity
  5372 | D        | Killed a golden dragon
  5372 | D        | Reached XP level 20. HP: 216/216 MP: 33/33
  5434 | D        | Noticed an ancient lich
  5442 | D        | Killed an ancient lich
  5444 | D        | Noticed an orb of fire
  5446 | D        | Killed an orb of fire
  5448 | D        | Noticed an electric golem
  5456 | D        | Killed an electric golem
  5459 | D        | Noticed a golden dragon
  5459 | D        | Noticed an ancient lich
  5459 | D        | Noticed an orb of fire
  5460 | D        | Noticed a golden dragon
  5467 | D        | Noticed an orb of fire
  5473 | D        | Killed an ancient lich
  5489 | D        | Noticed an electric golem
  5496 | D        | HP: 6/216 [orb of fire/fireball (14)]
  5678 | D        | Killed an orb of fire
  5683 | D        | Killed a golden dragon
  5693 | D        | Killed a golden dragon
  5724 | D        | Noticed a golden dragon
  5735 | D        | Killed an orb of fire
  5735 | D        | Reached skill level 27 in Stealth
  5739 | D        | Killed a golden dragon
  5755 | D        | Killed an electric golem
  5960 | D        | Reached skill level 27 in Invocations
  5966 | D        | Reached XP level 21. HP: 224/224 MP: 37/37
  6137 | D        | Got the Orb of Zot
  6273 | D        | Reached skill level 27 in Evocations
  6273 | D        | Reached skill level 1 in Spellcasting
  6363 | D        | Reached skill level 5 in Throwing
  6435 | D        | Reached skill level 5 in Spellcasting
  6704 | D        | Reached skill level 10 in Throwing
  6812 | D        | Reached skill level 10 in Spellcasting
  7415 | D        | Reached skill level 15 in Throwing
  7621 | D        | Reached skill level 15 in Spellcasting
  7798 | D        | Noticed Wurups the pandemonium lord
  7817 | D        | Killed Wurups the pandemonium lord
  7916 | D        | Escaped with the Orb!

Illustrated notes

Levels and vault maps discovered:
D:        linesprint [early_d, line_temple, items_1, d_10, items_2, lair_1,
          lair_end, items_3, orc_1, orc_end, items_4, d_15, swamp_1, shoals_1,
          snake_1, spider_1, d_20, vaults_1, items_5, swamp_end, shoals_end,
          snake_end, spider_end, vaults_end, d_27, items_6, zot_1, zot_end,
          crypt_end, forest_end, elf_end, slime_end, tomb_end, abyss_end,
          pan_hell_end]

Skill      XL: |  1  2  3  4  5  6  7  8  9 10 11 12 13 14 15 16 17 18 19 20 21 |
---------------+----------------------------------------------------------------+-----
Unarmed Combat | 5 7 9 11 12 13 15 17 18 20 22 24 26 27 | 27.0
Fighting       | 4 5 8 10 11 13 15 17 19 22 27 | 27.0
Armour         | 2 3 6 8 9 11 13 14 16 18 21 25 27 | 27.0
Dodging        | 4 7 8 10 11 13 14 16 18 21 25 27 | 27.0
Stealth        | 14 22 27 | 27.0
Invocations    | 13 21 27 | 27.0
Evocations     | 11 18 24 27 | 27.0
Throwing       | 17 | 17.2
Spellcasting   | 15 | 15.9

Action                   |  1- 3 |  4- 6 |  7- 9 | 10-12 | 13-15 | 16-18 | 19-21 || total
-------------------------+-------+-------+-------+-------+-------+-------+-------++-------
Melee: Unarmed           |    25 |    15 |    97 |   265 |   511 |   633 |   612 ||  2158
       Punch             |     1 |       |     4 |    21 |    54 |    70 |   101 ||   251
Evoke: Wand              |       |       |       |     1 |     2 |       |       ||     3
  Use: Potion            |     1 |       |       |     2 |     1 |     3 |    10 ||    17
       Scroll            |       |       |     2 |       |     2 |     4 |     2 ||    10
 Stab: Invisible         |       |       |       |       |       |     3 |       ||     3
       Sleeping          |       |       |       |       |       |       |     4 ||     4
Armor: Leather armour    |     9 |       |       |       |       |       |       ||     9
       Ring mail         |       |     4 |     1 |       |       |       |       ||     5
       Plate armour      |       |       |    45 |    93 |   174 |   168 |   159 ||   639
Dodge: Dodged            |    10 |     7 |    29 |    89 |   187 |   301 |   310 ||   933
Block: Other             |       |       |       |     4 |    74 |    44 |       ||   122
       Reflection        |       |       |       |       |     5 |     1 |       ||     6

Table legend: (Time is in decaauts)
 A = Elapsed time spent in this place.
 B = Non-inter-level travel time spent in this place.
 C = Inter-level travel time spent in this place.
 D = Time resting spent in this place.
 E = Time spent auto-exploring this place.
 F = Levels seen in this place.
 G = Mean time per level.
                   A        B        C        D        E       F      G
               +--------+--------+--------+--------+--------+-----+--------+
         Total |   6845 |   6845 |      0 |   1304 |    951 |   1 | 6845.0 |
       Dungeon |   6845 |   6845 |      0 |   1304 |    951 |   1 | 6845.0 |
               +--------+--------+--------+--------+--------+-----+--------+

Top non-repeatable levels by time:
       D: 6845 daAuts
